Map: Invader LE

Players

capac

  • Race: Terran Terran
  • League: Gold

Master - Winner!

  • Race: Terran Terran
  • League: Gold

VOD

Have the link to the VOD?

Description

Time

  • Played on: May 3, 2016, 1:51 p.m.
  • Length: 16:17
Show
View Real Time Build Order
Export as new Build Order

capac Terran 

Build Orders: Reaper Expand 

Get SALT Encoding   

  12  0:00  SCV  
  13  0:14  SCV  
  13  0:18  Supply Depot  
  14  0:26  SCV  
  15  0:39  SCV  
  15  0:41  Barracks  
  16  0:50  Refinery  
  16  0:51  SCV  
  17  1:04  SCV  
  18  1:16  SCV  
  19  1:28  Orbital Command  
  19  1:34  Reaper  
  20  1:42  Command Center  
  20  1:52  Supply Depot  
  20  1:54  SCV  
  21  2:06  Marine, SCV  
  23  2:14  Factory  
  23  2:17  Barracks  
  23  2:19  SCV  
  24  2:25  Refinery  
  24  2:30  Barracks Reactor  
  24  2:33  SCV  
  24  2:45  SCV  
  25  2:57  Factory Tech Lab, SCV  
  25  2:58  Engineering Bay  
  26  3:05  Starport  
  26  3:09  Marine x2, SCV  
  26  3:11  Barracks Tech Lab  
  29  3:17  Orbital Command  
  29  3:35  Marine x2  
  29  3:36  Marine  
  29  3:38  Missile Turret, SCV  
  33  3:49  SCV  
  33  3:50  SCV  
  33  3:53  Marine  
  33  3:54  Marine x2  
  38  3:59  Supply Depot  
  38  4:05  Missile Turret  
  38  4:07  Medivac  
  40  4:12  Siege Tank  
  40  4:16  SCV x2  
  45  4:22  Stimpack  
  45  4:26  Supply Depot  
  45  4:29  SCV  
  45  4:30  SCV  
  47  4:33  Missile Turret  
  47  4:37  Marine x3  
  50  4:44  SCV x2  
  52  4:47  Refinery  
  52  4:52  Siege Tank  
  55  4:56  SCV x2  
  57  5:00  Supply Depot  
  57  5:15  Barracks  
  57  5:18  Marine  
  57  5:19  Marine x2  
  57  5:20  SCV x2  
  57  5:21  Barracks, Starport Reactor  
  62  5:26  Terran Infantry Weapons Level 1  
  62  5:30  Supply Depot  
  62  5:35  SCV x2  
  64  5:41  Marine  
  64  5:42  Refinery, Marine  
  66  5:47  SCV x2  
  68  5:58  Supply Depot  
  68  5:59  SCV x2  
  68  6:01  Medivac x2  
  74  6:05  Barracks Reactor  
  74  6:11  SCV  
  74  6:30  Missile Turret, SCV x2  
  76  6:36  Siege Tank, Command Center  
  76  6:38  Viking  
  81  6:40  Viking  
  83  7:00  Marine x3  
  86  7:02  Barracks Reactor  
  86  7:13  Supply Depot  
  86  7:14  Marine x2  
  86  7:15  Siege Tank  
  91  7:17  Marine  
  91  7:18  Marine x2  
  94  7:26  Engineering Bay, Armory  
  94  7:30  SCV x2  
  94  7:32  Marine x2  
  94  7:35  Marine x2  
  94  7:36  Supply Depot  
  84  8:00  Marine x7  
  91  8:08  Supply Depot  
  91  8:11  Barracks  
  91  8:12  Factory, SCV x2  
  93  8:18  Marine x2  
  95  8:20  Medivac  
  95  8:21  Medivac  
  95  8:22  Terran Infantry Weapons Level 2  
  95  8:24  Terran Infantry Armor Level 1  
  95  8:26  Terran Ship Weapons Level 1  
  99  8:33  Marine  
  99  8:34  Marine x4  
  101  8:35  Marine  
  101  8:37  Siege Tank  
  108  8:52  Starport  
  108  9:01  Medivac x2  
  112  9:07  Orbital Command  
  112  9:09  Siege Tank  
  115  9:22  Marine x2  
  115  9:23  Marine x5  
  122  9:29  Starport Reactor, Factory Tech Lab  
  122  9:36  Liberator x2  
  122  9:38  Barracks Reactor  
  122  9:42  Siege Tank  
  125  9:54  Marine  
  125  9:55  Marine x6  
  138  10:12  Marine x2  
  138  10:13  Marine x4  
  144  10:16  Supply Depot  
  128  10:31  Marine  
  128  10:32  Marine x6  
  135  10:36  Liberator x3  
  135  10:37  Liberator  
  135  10:49  Marine  
  136  10:50  Marine x6  
  154  11:07  Marine x4, Missile Turret  
  156  11:11  Missile Turret  
  148  11:21  Liberator x4  
  152  11:51  SCV x3  
  152  11:53  Siege Tank  
  152  11:54  Siege Tank  
  161  11:56  Barracks Reactor  
  161  11:58  Barracks Reactor  
  161  12:17  Refinery  
  161  12:18  Refinery  
  161  12:21  Missile Turret  
  161  12:28  Marine  
  161  12:29  Marine x2  
  164  12:35  Barracks  
  164  12:37  Barracks  
  164  12:38  Barracks  
  164  12:52  Medivac  
  164  12:53  Medivac  
  164  12:54  Marine, Medivac  
  164  12:55  Medivac  
  123  13:32  Marine x7  
  130  13:39  Liberator, Barracks Reactor  
  130  13:40  Barracks Reactor  
  130  13:41  Barracks Reactor  
  130  13:45  Command Center  
  130  13:49  Marine  
  130  13:50  Marine x6  
  130  13:52  Terran Ship Weapons Level 2  
  130  13:54  Terran Infantry Armor Level 2, Liberator  
  140  14:07  Marine  
  140  14:08  Marine x5  
  88  15:03  Marine x5  
  88  15:04  Marine x10  
  103  15:12  Siege Tank  
  103  15:13  Siege Tank  
  109  15:21  Marine x11  
  110  15:22  Marine x2  
  122  15:32  Marine x2  
  124  15:38  Marine  
  124  15:39  Marine x3  
  82  15:50  Marine  
  82  15:51  Marine x5  
Show
View Real Time Build Order
Export as new Build Order

Master Terran - Winner!

Build Orders: MMM Bio 

Get SALT Encoding   

  12  0:02  SCV  
  13  0:14  SCV  
  13  0:20  Supply Depot  
  14  0:26  SCV  
  15  0:32  Refinery  
  15  0:41  SCV  
  16  0:48  Barracks  
  16  0:53  SCV  
  17  1:05  SCV  
  17  1:08  Supply Depot  
  18  1:21  SCV  
  19  1:33  SCV  
  19  1:37  Factory  
  19  1:38  Marine  
  21  1:46  Orbital Command  
  21  1:56  Marine  
  22  2:14  Marine  
  23  2:19  SCV  
  23  2:20  Command Center  
  24  2:23  Factory Tech Lab  
  24  2:33  Starport  
  23  2:48  SCV  
  24  3:00  Marauder  
  24  3:04  SCV  
  27  3:10  Barracks  
  27  3:11  Refinery  
  29  3:16  SCV  
  29  3:18  Stimpack  
  28  3:28  SCV  
  28  3:31  Marauder  
  31  3:35  Refinery  
  31  3:36  Factory Reactor  
  31  3:38  Refinery  
  31  3:44  Supply Depot  
  31  3:47  Supply Depot  
  31  3:48  SCV  
  32  3:51  SCV  
  33  4:00  SCV, Medivac  
  33  4:02  Marine  
  37  4:06  Orbital Command  
  37  4:12  SCV  
  38  4:18  Marauder  
  40  4:28  SCV  
  40  4:30  Medivac  
  43  4:34  Supply Depot, SCV  
  44  4:40  SCV  
  44  4:41  Barracks  
  45  4:46  SCV  
  45  4:52  SCV  
  47  4:58  SCV  
  48  5:02  Barracks  
  48  5:04  SCV  
  48  5:05  Marauder, Marine x2  
  48  5:06  Medivac  
  55  5:17  SCV  
  55  5:18  SCV  
  57  5:22  Supply Depot, Marine  
  58  5:30  Marine, SCV x2  
  58  5:32  Barracks Tech Lab  
  58  5:33  Combat Shields  
  58  5:35  Marauder  
  63  5:40  Marine, Medivac  
  63  5:42  SCV  
  67  5:47  Marine  
  68  5:54  Supply Depot  
  68  5:56  Supply Depot, Marauder, Barracks Reactor  
  70  6:00  Concussive Shells  
  70  6:01  Marine  
  70  6:02  Marauder  
  73  6:05  Supply Depot  
  69  6:30  Marauder x2, Marine x2  
  69  6:31  SCV x2  
  77  6:37  Marine  
  78  6:43  SCV  
  78  6:44  SCV  
  80  6:48  Marine x2  
  80  6:51  Marauder x2  
  86  6:55  SCV  
  86  6:56  SCV  
  86  6:57  Command Center  
  88  7:01  Marine x2  
  88  7:05  Widow Mine  
  88  7:06  Marine x2  
  88  7:08  Starport Reactor, SCV  
  95  7:09  SCV  
  95  7:12  Marauder, Marine  
  99  7:19  Marine  
  99  7:20  SCV  
  99  7:21  SCV  
  102  7:24  Barracks  
  102  7:29  Factory  
  102  7:32  Engineering Bay  
  102  7:33  Engineering Bay  
  102  7:35  Supply Depot  
  102  7:36  Supply Depot  
  102  7:39  Marine x3  
  77  8:02  Medivac x2  
  81  8:12  Marine x2  
  81  8:13  Marine x2  
  81  8:14  Factory Tech Lab  
  81  8:15  Barracks Tech Lab  
  81  8:17  Marauder x2  
  89  8:23  SCV x2  
  91  8:30  Marine x2  
  91  8:31  Orbital Command  
  91  8:32  Medivac x2  
  97  8:35  SCV x2  
  97  8:38  Marauder  
  101  8:47  SCV x2  
  103  8:52  Marine x3  
  103  8:53  Marauder, Marine  
  109  8:59  Cyclone  
  109  9:00  Marauder  
  109  9:02  Medivac  
  116  9:04  Terran Infantry Armor Level 1  
  116  9:05  Armory  
  116  9:06  Terran Infantry Weapons Level 1  
  116  9:10  Marine  
  117  9:28  SCV x3  
  120  9:35  Command Center  
  120  9:40  SCV x3  
  123  9:52  SCV x3  
  126  10:01  Marauder x3, Marine  
  126  10:03  Medivac  
  126  10:04  SCV x3  
  126  10:05  Command Center  
  120  10:22  Marauder  
  106  10:32  Marine x5  
  106  10:33  Marine  
  112  10:43  Marauder  
  112  10:44  Refinery  
  112  10:45  Refinery  
  114  10:50  Marine x2, Orbital Command  
  114  10:51  Marauder  
  114  10:54  Marauder, Marine x2  
  114  10:55  Medivac x2  
  126  11:05  Marauder  
  126  11:07  Marine  
  125  11:12  Marauder  
  120  11:25  Medivac x2  
  105  11:36  Orbital Command  
  105  11:37  SCV x2  
  105  11:38  Marine x2, SCV x2  
  105  11:39  Marine x4  
  108  11:40  Marauder  
  109  11:48  Barracks x2  
  109  11:49  SCV, Orbital Command  
  109  11:50  Barracks, SCV x2  
  109  11:51  Barracks  
  109  11:53  Barracks  
  113  11:54  Barracks  
  113  11:56  Marine x3  
  113  11:57  Marauder, Marine  
  113  11:58  Marauder  
  122  12:01  Marauder, SCV  
  122  12:02  SCV  
  122  12:03  Terran Infantry Armor Level 2  
  122  12:05  Terran Infantry Weapons Level 2  
  124  12:08  Medivac  
  124  12:14  Marine x2  
  128  12:19  Marauder  
  130  12:43  Marine x3  
  130  12:44  Marauder, Marine x2  
  133  12:45  Marauder  
  139  13:01  Marine x3  
  139  13:02  Marauder  
  117  13:22  Marine  
  117  13:23  Marine x4  
  117  13:24  Marauder x2  
  114  13:32  Medivac  
  114  13:33  Medivac  
  118  13:40  Marine x2  
  118  13:41  Marauder, Marine x2  
  121  13:44  Refinery  
  121  13:45  Marauder, Marine  
  121  13:46  Refinery  
  127  13:48  Barracks Tech Lab, Barracks Reactor  
  127  13:49  Barracks Tech Lab, Barracks Reactor  
  127  13:56  Barracks Tech Lab  
  127  13:58  Marine x3, Barracks Reactor  
  127  13:59  Marine  
  127  14:02  Medivac  
  133  14:03  Marauder x2  
  133  14:07  Marauder  
  139  14:12  Marine x2  
  139  14:14  Medivac  
  139  14:16  Marine x4  
  147  14:24  Marauder  
  147  14:25  Marauder  
  147  14:28  Marauder  
  147  14:30  Marine  
  151  14:32  Medivac  
  138  15:01  Medivac  
  138  15:02  Medivac  
  142  15:13  Starport x3  
  142  15:14  Starport  
  142  15:15  Marauder x6, Marine x3  
  142  15:16  Marine x4  
  161  15:23  Supply Depot x2  
  161  15:26  Marine  
  161  15:27  Supply Depot, Marine x2  
  164  15:31  Medivac  
  164  15:32  Medivac  
  164  15:33  Marine  
  169  15:36  Marauder  
  169  15:38  Marauder  
  154  15:47  Supply Depot  
  126  15:58  Marine x2  
  126  15:59  Marine x3  
Tags
 
Composition
MMM Bio
League
GoldGold
Matchup
TvT
Race
Terran
Add a new tag
Caveats
  • Supply blocks, unpowered buildings, or Contaminate may cause inaccurate times.
  • Supply counts are checked every 10 seconds.